 Dungeon Crawl Stone Soup version 0.30-a0-802-gb92711bcdf (webtiles) character file.

Game seed: 4570762889369529632

173 Pimp the Shield-Bearer (level 5, -5/42 HPs)
             Began as a Human Fighter on Feb 24, 2023.
             Slain by Crazy Yiuf
             ... wielding a +2 quarterstaff of chaos
              (15 damage)
             ... on level 2 of the Dungeon.
             The game lasted 00:03:52 (2227 turns).

Pimp the Shield-Bearer (Human Fighter)              Turns: 2227, Time: 00:03:53

Health: -5/42      AC:  3    Str: 25    XL:     5   Next: 83%
Magic:  0/5        EV:  9    Int:  8    God:
Gold:   73         SH:  5    Dex: 12    Spells: 4/4 levels left

rFire   . . .      SeeInvis .    o - +0 hand axe of Zin {flame, *Corrode Str+6}
rCold   . . .      Faith    .    c - +0 buckler
rNeg    . . .      Spirit   .    b - +0 scale mail
rPois   +          Reflect  .    (no helmet)
rElec   .          Harm     .    (no cloak)
rCorr   .          Rampage  .    (no gloves)
Will    .....                    (no boots) Stlth
                                 (no amulet)
HPRegen 0.27/turn                m - ring of poison resistance
MPRegen 0.09/turn                (no ring)

@: corroded
A: no striking features
a: no special abilities


You were on level 2 of the Dungeon.
You visited 1 branch of the dungeon, and saw 2 of its levels.

You collected 73 gold pieces.

Inventory:

Hand Weapons
 a - a +0 war axe
 o - the +0 hand axe of Zin (weapon) {flame, *Corrode Str+6}
   (You found it on level 2 of the Dungeon)

   Str:       It affects your strength (+6).
   *Corrode:  It may corrode you when you take damage.
Armour
 b - a +0 scale mail (worn)
 c - a +0 buckler (worn)
Jewellery
 m - a ring of poison resistance (left hand)
Wands
 q - a wand of roots (4)
Scrolls
 f - a scroll of magic mapping {unknown}
 g - 2 scrolls of teleportation {unknown}
 i - a scroll of noise {unknown}
 k - a scroll of vulnerability {unknown}
 l - a scroll of brand weapon {unknown}
 p - a scroll of enchant weapon {unknown}
 r - a scroll of identify {unknown}
Potions
 d - 3 potions of might
 e - a potion of invisibility {unknown}
 h - 3 potions of lignification {unknown}
 j - a potion of curing {unknown}
 n - a potion of brilliance {unknown}


   Skills:
 + Level 3.9 Fighting
 + Level 3.2 Axes
 + Level 3.9 Armour
 + Level 4.0 Shields


You had 4 spell levels left.
You didn't know any spells.
Your spell library was empty.

Dungeon Overview and Level Annotations

Branches:
Dungeon (2/15)

Altars:

Annotations:
D:2 Crazy Yiuf


Message History

You hit Terence. You burn Terence.
Terence is almost dead.
You block Terence's attack.
You hit Terence but do no damage.
Terence is almost dead.
Terence hits you with a +0 short sword.
You hit Terence. You burn Terence.
You kill Terence!
Your Shields skill increases to level 4!
Things that are here:
a +0 short sword; a +0 scale mail; the human corpse of Terence You start resting.
HP restored.
You see here a +0 hammer.
You see here a +0 hammer.
You see here a +0 hammer.
You see here a +0 hammer.
You see here a +0 hammer.
Crazy Yiuf whimpers, "Cholesterol Xom turtle!"
As you open the door, it creaks loudly!
You closely miss Crazy Yiuf. Crazy Yiuf completely misses you.
You hit Crazy Yiuf but do no damage.
Crazy Yiuf says, "Fire mobile senile!"
You block Crazy Yiuf's attack.
You barely miss Crazy Yiuf.
Crazy Yiuf hits you with a +2 quarterstaff of chaos.
Your corrosive artefact corrodes you!
You hit Crazy Yiuf but do no damage.
Crazy Yiuf hits you with a +2 quarterstaff of chaos!
Crazy Yiuf burns you.
You barely miss Crazy Yiuf.
Crazy Yiuf hits you with a +2 quarterstaff of chaos!
* * * LOW HITPOINT WARNING * * *
You feel your power leaking away.
You hit Crazy Yiuf. You burn Crazy Yiuf.
Crazy Yiuf is lightly wounded.
Crazy Yiuf screams, "Sif Muna!"
Crazy Yiuf barely misses you.
Crazy Yiuf hits you with a +2 quarterstaff of chaos!
You die...

#.....#.####....####.........##.
#####.#...####### ##...........
#.#...# #........... #.....#
##### #.......#### #.....# #)..#
#>.......# #.....# #...#
#...####.### #.....# ...
#........... #.....# #g#
#.<......... #.##### ♣@♣♣
#.....##.... #.##### ♣♣.♣
#.....###### #.....# ♣.♣♣
#.....#....# #.#.#.# ♣♣.♣
#....##..... #.....# ♣♣.♣♣
#........... ####..# ♣♣)).♣
#....##..... #..# ♣))))♣
#........... ##.# #))))#
#..#.##.....
#.####))))###...........


You could see Crazy Yiuf.

Vanquished Creatures
  Jessica (D:2)
  Terence (D:2)
  4 adders (D:2)
  4 gnolls (D:2)
  2 worms (D:2)
  A dart slug (D:2)
  5 endoplasms
  3 goblins (D:1)
  4 hobgoblins
  3 jackals (D:2)
  7 kobolds
  A quokka (D:2)
  A ball python (D:1)
  3 bats
  4 frilled lizards
  2 rats
46 creatures vanquished.

Notes
Turn   | Place    | Note
-------+----------+-------------------------------------------
     0 | D:1      | Pimp the Human Fighter began the quest for the Orb.
     0 | D:1      | Reached XP level 1. HP: 18/18 MP: 1/1
   141 | D:1      | Reached XP level 2. HP: 20/24 MP: 2/2
  1189 | D:2      | Reached XP level 3. HP: 26/29 MP: 3/3
  1231 | D:2      | Reached XP level 4. HP: 23/35 MP: 4/4
  1340 | D:2      | Found a runed translucent door.
  1341 | D:2      | Noticed Crazy Yiuf
  1632 | D:2      | Reached XP level 5. HP: 42/42 MP: 5/5
  1760 | D:2      | Identified the +0 hand axe of Zin {flame, *Corrode Str+6}
  1835 | D:2      | Noticed Jessica
  1845 | D:2      | Killed Jessica
  2121 | D:2      | Noticed Terence
  2129 | D:2      | Killed Terence
  2130 | D:2      | Reached skill level 4 in Shields
  2227 | D:2      | Slain by Crazy Yiuf

Illustrated notes

Levels and vault maps discovered:
D:1:      dpeg_arrival_another_circle, layout_loops_ring, lemuel_flame_loot_1
D:2:      cheibrodos_old_hovel, layout_basic, minmay_pentomino_t4, uniq_terence,
          uniq_jessica, uniq_crazy_yiuf_cottage

Skill      XL: |  1  2  3  4  5 |
---------------+----------------+-----
Axes           | 3 |  3.2
Shields        | 4 |  4.0
Fighting       | |  3.9
Armour         | |  3.9

Action                     |  1- 3 |  4- 6 || total
---------------------------+-------+-------++-------
  Melee: War axe           |    58 |    69 ||   127
         Hand axe          |       |    34 ||    34
 Armour: Scale mail        |    39 |    42 ||    81
  Dodge: Dodged            |    32 |    44 ||    76
  Block: Buckler           |    18 |    31 ||    49

Table legend: (Time is in decaauts)
 A = Elapsed time spent in this place.
 B = Non-inter-level travel time spent in this place.
 C = Inter-level travel time spent in this place.
 D = Time resting spent in this place.
 E = Time spent auto-exploring this place.
 F = Levels seen in this place.
 G = Mean time per level.
                   A        B        C        D        E       F      G
               +--------+--------+--------+--------+--------+-----+--------+
         Total |   2283 |   2217 |     66 |    404 |   1306 |   2 | 1141.5 |
       Dungeon |   2283 |   2217 |     66 |    404 |   1306 |   2 | 1141.5 |
               +--------+--------+--------+--------+--------+-----+--------+

Top non-repeatable levels by time:
     D:1: 1198 daAuts
     D:2: 1085 daAuts
